 Dungeon Crawl Stone Soup version 0.28.0 (webtiles) character file.

Game seed: 4173236680267317493

34921 browni3141 the Fighter (level 13, -17/187 HPs)
             Began as a Minotaur Berserker on Feb 11, 2022.
             Was an Elder of Trog.
             Demolished by Rupert (23 damage)
             ... on level 4 of the Lair of Beasts.
             The game lasted 00:08:59 (16087 turns).

browni3141 the Fighter (Minotaur Berserker)        Turns: 16087, Time: 00:09:00

Health: -17/187    AC: 28    Str: 24    XL:     13   Next: 44%
Magic:  12/12      EV: 13    Int:  4    God:    Trog [****..]
Gold:   838        SH:  5    Dex: 16    Spells: 12/12 levels left

rFire   + + .      SeeInvis .   K - +0 battleaxe
rCold   x . .      Faith    .   (shield currently unavailable)
rNeg    . . .      Spirit   .   Q - +0 plate armour {rF+}
rPois   +          Reflect  +   L - +1 hat
rElec   .          Harm     .   (no cloak)
rCorr   .          Rampage  .   x - +2 pair of gloves {Dex+3}
Will    ++...                   J - +2 pair of boots
Stlth   ..........              N - amulet of reflection
HPRegen 1.41/turn               I - ring of Ymaolaisui {Fire rPois}
MPRegen 0.13/turn               F - +4 ring of protection

@: berserking, strong-willed, regenerating, very quick
A: horns 2, retaliatory headbutt
a: Renounce Religion, Berserk, Trog's Hand, Brothers in Arms


You were on level 4 of the Lair of Beasts.
You worshipped Trog.
Trog was greatly pleased with you.
You visited 2 branches of the dungeon, and saw 13 of its levels.
You also visited: Sewer and Ice Cave.

You collected 838 gold pieces.

Inventory:

Hand Weapons
 a - a +0 hand axe
 K - a +0 battleaxe (weapon)
 S - a +2 antimagic broad axe
Armour
 b - a +0 animal skin
 d - a +0 pair of gloves
 e - a +0 scale mail
 q - a scarf of invisibility
 x - a +2 pair of gloves of dexterity (worn)
 J - a +2 pair of boots (worn)
 L - a +1 hat (worn)
 O - a +0 plate armour
 Q - a +0 plate armour of fire resistance (worn)
Jewellery
 o - a ring of positive energy
 F - a +4 ring of protection (right hand)
 H - an amulet of guardian spirit
 I - the ring of Ymaolaisui (left hand) {Fire rPois}
   (You found it on level 7 of the Dungeon)

   [ring of fire]

   It enhances your fire magic.
   rF:        It protects you from fire.
   rC:        It makes you vulnerable to cold.
   rPois:     It protects you from poison.
 N - an amulet of reflection (around neck)
 U - the amulet "Ytatoiro" {Spirit +Blink}
   (You found it on level 3 of the Lair of Beasts)

   [amulet of guardian spirit]

   It causes incoming damage to be divided between your reserves of health and
   magic.
   +Blink:    It lets you blink.
Wands
 u - a wand of mindburst (36)
 v - a wand of flame (22)
 y - a wand of paralysis (2)
 T - a wand of iceblast (2)
Scrolls
 c - 4 scrolls of teleportation {unknown}
 g - 2 scrolls of immolation {unknown}
 h - 7 scrolls of identify {unknown}
 k - 4 scrolls of silence {unknown}
 p - 3 scrolls of enchant armour {unknown}
 s - 4 scrolls of blinking {unknown}
 t - 7 scrolls of fog {unknown}
 w - a scroll of vulnerability {unknown}
 A - 3 scrolls of amnesia {unknown}
 E - 2 scrolls of magic mapping {unknown}
 G - a scroll of acquirement {unknown}
 M - 2 scrolls of brand weapon {unknown}
 P - 3 scrolls of fear {unknown}
 V - a scroll of enchant weapon {unknown}
Potions
 f - 4 potions of degeneration {unknown}
 i - 4 potions of heal wounds {unknown}
 j - 4 potions of haste {unknown}
 l - 4 potions of flight {unknown}
 m - 8 potions of curing {unknown}
 n - 4 potions of lignification {unknown}
 r - 5 potions of brilliance {unknown}
 z - 3 potions of cancellation {unknown}
 B - 2 potions of might {unknown}
 C - a potion of resistance {unknown}
 D - 3 potions of mutation {unknown}
 W - a potion of magic {unknown}
 X - a potion of invisibility {unknown}
Miscellaneous
 R - a box of beasts


   Skills:
 + Level 14.3 Fighting
 + Level 14.3 Axes
 + Level 14.1 Armour
 + Level 13.0 Dodging


You had 12 spell levels left.
You didn't know any spells.
Your spell library was empty.

Dungeon Overview and Level Annotations

Branches:
Dungeon (9/15)             Temple (0/1) D:4            Lair (4/6) D:9
 Spider (0/4) Lair:2        Sewer (visited)           IceCv (visited)
  Swamp: Lair:2-4    Shoals: Lair:2-4       Orc: D:9-12

Altars:
Ru
Vehumet
Beogh

Annotations:
Lair:4 Rupert


Innate Abilities, Weirdness & Mutations

You have a pair of horns on your head.
You reflexively headbutt those who attack you in melee.


Message History

Rupert is severely wounded.
You lop one of the 13-headed hydra's heads off!
The 12-headed hydra grows two more!
You slice the 14-headed hydra!! You closely miss the yak.
The 14-headed hydra bites you but does no damage. x4
The 14-headed hydra completely misses you.
The 14-headed hydra bites you but does no damage. x2
You block the 14-headed hydra's attack.
The 14-headed hydra bites you but does no damage.
The 14-headed hydra misses you. The 14-headed hydra closely misses you.
The 14-headed hydra bites you but does no damage.
The 14-headed hydra bites you!
* * * LOW HITPOINT WARNING * * *
The 14-headed hydra barely misses you.
Rupert hits you with a +2 battleaxe of pain.
* * * LOW HITPOINT WARNING * * *
Unknown command.
You slice one of the 14-headed hydra's heads off!
The 13-headed hydra grows two more!
You cut the 15-headed hydra into ribbons!!!
You feel the power of Trog in you as your rage grows.
You kill the 15-headed hydra!
Trog accepts your kill.
You slash Rupert! You slash the yak! The yak gores you but does no damage.
You block Rupert's attack.
Your Dodging skill increases to level 13!
Unknown command.
You slice Rupert like a ripe choko!!! You headbutt Rupert!
Rupert is almost dead.
You slice the yak!!
You kill the yak!
Trog accepts your kill.
You hit the cane toad.
The cane toad stings you but does no damage.
Unknown command.
You barely miss Rupert.
Rupert is almost dead.
You hit the yak. You slash the cane toad!
Rupert hits you with a +2 battleaxe of pain!!
You die...

#......<.#....#...........#
#........'..P##..........##
#.........#.###..).......##
###..##P######P..##..####.#
####### ##...#.### ###
#....### ##Y####.#:#
##FY<....... #@@hF.......
##Y......... #.Y.........
##.......... P..........
##....(..... #..........
.......


You could see Rupert (berserk), a polar bear, 4 yaks and 2 cane toads.

Vanquished Creatures
  Gastronok (D:9)
  A boulder beetle (Lair:2)
  2 hydras (Lair:4)
  9 death yaks
  The ghost of themarg the Caller, a novice MfSu (D:7)
  2 ugly things (IceCv)
  2 ice statues (IceCv)
  5 elephants (Lair:3)
  2 black mambas
  A centaur zombie (D:6)
  10 cane toads
  6 rime drakes
  8 komodo dragons
  A troll (D:9)
  A polar bear (Lair:1)
  The ghost of browni3141 the Chopper, an amateur MiBe of Trog (D:5)
  12 blink frogs
  A spriggan (Lair:2)
  2 culicivoras (Lair:2)
  5 wyverns
  2 steam dragons
  34 yaks
  5 basilisks
  3 redbacks (Lair:2)
  Menkaure (D:7)
  An acid dragon (D:9)
  Pargi (Sewer)
  A hornet zombie (D:8)
  14 water moccasins
  3 orc warriors (D:8)
  2 sky beasts (D:5)
  3 ice beasts
  2 ogres
  3 wolves (Lair:3)
  2 centaurs (D:9)
  An elf zombie (D:4)
  A kobold brigand (D:6)
  9 bullfrogs
  2 elf skeletons (D:4)
  3 scorpions
  2 cane toad simulacra (IceCv)
  A water moccasin zombie (D:6)
  An elephant simulacrum (IceCv)
  5 killer bees (D:8)
  2 electric eels (Lair:1)
  4 wights (D:8)
  2 howler monkeys
  2 jellies
  2 hounds
  A bullfrog skeleton (D:6)
  A centaur skeleton (D:5)
  A gnoll shaman (D:7)
  3 orc priests (D:8)
  2 human skeletons (D:4)
  Natasha (thrice) (D:4)
  4 orc wizards
  A polar bear simulacrum (IceCv)
  A wolf simulacrum (IceCv)
  A hound skeleton (D:5)
  3 gnolls (D:7)
  6 adders
  3 white imps
  A howler monkey simulacrum (D:7)
  An ufetubus (D:5)
  An adder skeleton (D:4)
  2 worms (D:5)
  2 dart slugs
  35 orcs
  7 endoplasms
  8 giant cockroaches
  2 goblins
  4 hobgoblins
  5 jackals
  5 quokkas
  8 ball pythons
  3 bats
  4 frilled lizards
  11 kobolds
  An orc skeleton (D:4)
  4 rats
  A bush (Lair:3)
322 creatures vanquished.

Vanquished Creatures (others)
  A howler monkey (D:9)
  8 fungi
  10 plants
19 creatures vanquished.

Grand Total: 341 creatures vanquished

Notes
Turn   | Place    | Note
-------+----------+-------------------------------------------
     0 | D:1      | browni3141 the Minotaur Berserker began the quest for the
                  | Orb.
     0 | D:1      | Reached XP level 1. HP: 19/19 MP: 0/0
   193 | D:1      | Found a faded altar of an unknown god.
   200 | D:1      | Reached XP level 2. HP: 20/27 MP: 1/1
  1118 | D:2      | Reached ** piety under Trog
  1119 | D:2      | Reached XP level 3. HP: 27/33 MP: 2/2
  1209 | D:2      | Reached XP level 4. HP: 36/41 MP: 3/3
  2605 | D:3      | Identified the +1 ring mail of the Aged Wonders {+Inv rF+}
  2628 | D:4      | Reached XP level 5. HP: 44/47 MP: 4/4
  2802 | D:4      | Noticed Natasha
  2807 | D:4      | Killed Natasha
  2892 | D:4      | Reached skill level 5 in Fighting
  2897 | D:4      | Found a staircase to the Ecumenical Temple.
  2908 | D:4      | Reached skill level 5 in Axes
  2908 | D:4      | Reached XP level 6. HP: 55/56 MP: 5/5
  2977 | D:4      | Identified the +4 flail of Interdependent Arising {elec,
                  | *Noise rN++ SInv Stlth+}
  3010 | D:4      | Noticed Natasha
  3018 | D:4      | Killed Natasha
  3087 | D:4      | Noticed Natasha
  3099 | D:4      | Killed Natasha
  3245 | D:4      | Reached *** piety under Trog
  3246 | D:4      | Reached skill level 5 in Armour
  3246 | D:4      | Reached XP level 7. HP: 38/62 MP: 6/6
  3675 | D:5      | Entered Level 5 of the Dungeon
  3859 | D:5      | Found a glowing drain.
  3874 | Sewer    | Entered a sewer
  3922 | Sewer    | Noticed Pargi
  3930 | Sewer    | Killed Pargi
  4115 | D:5      | Found a runed translucent door.
  4115 | D:5      | Noticed browni3141's ghost (amateur MiBe)
  4156 | D:5      | Killed browni3141's ghost
  4157 | D:5      | Reached skill level 5 in Dodging
  4232 | D:5      | Reached XP level 8. HP: 38/71 MP: 7/7
  5236 | D:6      | Found a radiant altar of Vehumet.
  5566 | D:6      | Reached XP level 9. HP: 54/81 MP: 8/8
  6160 | D:7      | Found a runed translucent gate.
  6160 | D:7      | Found a runed translucent gate.
  6160 | D:7      | Found a runed translucent gate.
  6224 | D:7      | Noticed themarg's ghost (novice MfSu)
  6261 | D:7      | Noticed Menkaure
  6270 | D:7      | Killed Menkaure
  7017 | D:7      | Killed themarg's ghost
  7032 | D:7      | Got the ring of Ymaolaisui {Fire rPois}
  7201 | D:8      | Reached **** piety under Trog
  7476 | D:8      | Reached XP level 10. HP: 91/91 MP: 9/9
  8299 | D:9      | Noticed Gastronok
  8312 | D:9      | Killed Gastronok
  8313 | D:9      | Reached skill level 10 in Fighting
  8313 | D:9      | Reached skill level 10 in Axes
  8392 | D:9      | Reached skill level 10 in Armour
  9193 | D:9      | Found a staircase to the Lair.
  9724 | Lair:1   | Entered Level 1 of the Lair of Beasts
  9751 | Lair:1   | Reached XP level 11. HP: 95/101 MP: 8/10
  9864 | Lair:1   | Found a frozen archway.
  9883 | IceCv    | Entered an ice cave
  9883 | IceCv    | Noticed a white ugly thing
  9893 | IceCv    | Killed a white ugly thing
  9897 | IceCv    | Reached skill level 10 in Dodging
 10148 | IceCv    | Found a transporter.
 10152 | IceCv    | Noticed a white ugly thing
 10167 | IceCv    | Found a transporter.
 10199 | IceCv    | Killed a white ugly thing
 11107 | Lair:1   | Found a sacrificial altar of Ru.
 11703 | Lair:2   | Reached ***** piety under Trog
 12041 | Lair:2   | Found a hole to the Spider Nest.
 12182 | Lair:2   | Reached XP level 12. HP: 113/113 MP: 11/11
 12186 | Lair:2   | Received a gift from Trog
 12876 | Lair:2   | Noticed a boulder beetle
 12889 | Lair:2   | Killed a boulder beetle
 13211 | Lair:3   | Identified the amulet "Ytatoiro" {Spirit +Blink}
 13688 | Lair:3   | Noticed a death yak
 13688 | Lair:3   | Noticed a death yak
 13689 | Lair:3   | Noticed a death yak
 13715 | Lair:3   | Killed a death yak
 13720 | Lair:3   | Killed a death yak
 13738 | Lair:3   | Killed a death yak
 15039 | Lair:4   | Noticed a death yak
 15039 | Lair:4   | Noticed a death yak
 15040 | Lair:4   | Noticed a death yak
 15040 | Lair:4   | Noticed a death yak
 15040 | Lair:4   | Noticed a death yak
 15041 | Lair:4   | Noticed a death yak
 15047 | Lair:4   | Killed a death yak
 15048 | Lair:4   | Reached XP level 13. HP: 123/123 MP: 12/12
 16063 | Lair:4   | Noticed Rupert
 16084 | Lair:4   | HP: 7/187 [14-headed hydra (9)]
 16084 | Lair:4   | HP: 3/187 [Rupert (4)]
 16087 | Lair:4   | Demolished by Rupert

Illustrated notes

Levels and vault maps discovered:
D:1:      roderic_chinese_lattice_arrival, layout_basic,
          hellmonk_ecumenical_altar_lost_god
D:2:      layout_basic, palyth_stone_intersect, kennysheep_generic_room_13
D:3:      layout_loops_ring, chequers_serial_rivers_small_a
D:4:      layout_basic, minmay_temple_entry_sparse_star,
          nicolae_ossuary_entry_catacombs, uniq_natasha
D:5:      layout_basic, hellmonk_ghost_happy_afterlife,
          cheibrodos_sewer_entry_drain
D:6:      layout_cave_pools, nicolae_vehumet_radiance
D:7:      layout_basic, gammafunk_ghost_icy, uniq_menkaure
D:8:      layout_cave_pools, special_room [special_room_orc]
D:9:      layout_loops_ring, erik_lair_dragon, uniq_gastronok
Lair:1:   layout_long_grid, portal_ice_cave_rime, basic_altar,
          serial_bayou_shore_b, infiniplex_staircase_pool, grunt_megastairs_2,
          lemuel_fruit_tree
Lair:2:   layout_hall_layers, nicolae_spider_entry_tight_spaces,
          grunt_forest_large_clearing_hut
Lair:3:   layout_layer_cave
Lair:4:   layout_roguey, minmay_shoals_entry_lonely_mermaid, grunt_megastairs_3,
          uniq_rupert

Skill      XL: |  1  2  3  4  5  6  7  8  9 10 11 12 13 |
---------------+----------------------------------------+-----
Axes           | 4 5 6 8 9 10 12 13 14 | 14.3
Fighting       | 4 5 6 8 9 10 12 13 14 | 14.3
Armour         | 3 4 5 6 7 8 10 12 13 14 | 14.1
Dodging        | 3 4 5 6 8 9 11 12 13 | 13.0

Action                   |  1- 3 |  4- 6 |  7- 9 | 10-12 | 13-15 || total
-------------------------+-------+-------+-------+-------+-------++-------
Melee: Hand axe          |    57 |   113 |   208 |       |       ||   378
       Headbutt          |     7 |    21 |    52 |   102 |    23 ||   205
       Punch             |       |     2 |     2 |       |       ||     4
       Battleaxe         |       |       |     4 |   449 |    90 ||   543
Invok: Berserk           |       |     2 |     8 |    12 |     2 ||    24
       Trog's Hand       |       |       |       |     3 |     1 ||     4
Evoke: Wand              |       |       |       |     5 |       ||     5
Armor: Animal skin       |     7 |       |       |       |       ||     7
       Scale mail        |    22 |    48 |    80 |   129 |       ||   279
       Plate armour      |       |       |       |   209 |   121 ||   330
Dodge: Dodged            |    37 |    80 |   147 |   305 |    95 ||   664
Block: Other             |       |       |       |    71 |    33 ||   104
